 Dungeon Crawl Stone Soup version 0.23.1 (webtiles) character file.

Game seed: 13539279431190539704

37 DarkinPup the Skirmisher (level 3, 0/29 HPs)
             Began as a Demonspawn Fighter on Mar 11, 2019.
             Succumbed to an adder's poison
             ... on level 2 of the Dungeon.
             The game lasted 00:01:33 (1135 turns).

DarkinPup the Skirmisher (Demonspawn Fighter)       Turns: 1135, Time: 00:01:33

Health: 0/29       AC:  7    Str: 17    XL:     3   Next: 23%
Magic:  3/3        EV: 10    Int:  9    God:
Gold:   20         SH:  8    Dex: 12    Spells: 2/2 levels left

rFire    . . .     SeeInvis .   a - +0 long sword
rCold    . . .     Gourm    .   c - +0 shield
rNeg     . . .     Faith    .   b - +0 scale mail
rPois    .         Spirit   .   (no helmet)
rElec    .         Reflect  .   h - +0 cloak
rCorr    .         Harm     .   (no gloves)
MR       .....                  (no boots)
Stlth    ..........             (no amulet)
HPRegen  0.09/turn              (no ring)
MPRegen  0.08/turn              (no ring)

@: lethally poisoned (0 -> -9), hasted, very quick
A: repulsion field 2
a: no special abilities


You were on level 2 of the Dungeon.
You were hungry.

You visited 1 branch of the dungeon, and saw 2 of its levels.

You collected 20 gold pieces.

Inventory:

Hand Weapons
 a - a +0 long sword (weapon)
Armour
 b - a +0 scale mail (worn)
 c - a +0 shield (worn)
 h - a +0 cloak (worn)
Scrolls
 e - 4 scrolls of identify {unknown}
Potions
 d - 2 potions of might
Comestibles
 f - 2 rations


   Skills:
 + Level 3.1 Fighting
 * Level 2.3 Long Blades
 + Level 2.8 Armour
 * Level 1.4 Dodging
 + Level 2.8 Shields


You had 2 spell levels left.
You didn't know any spells.
Your spell library was empty.

Dungeon Overview and Level Annotations

Branches:
Dungeon (2/15)

Altars:
Elyvilon

Annotations:
D:2 Terence


Innate Abilities, Weirdness & Mutations

You are surrounded by a moderate repulsion field. (EV +3)


Message History

You hit the adder.
The adder is heavily wounded.
The adder bites you but does no damage.
The quokka barely misses Terence.
You closely miss the adder.
The adder is heavily wounded.
* * * LOW HITPOINT WARNING * * *
You feel sick. The adder bites you.
* * * LOW HITPOINT WARNING * * *
You are more poisoned.
The adder poisons you!
The quokka barely misses Terence.
You miss the adder.
The adder is heavily wounded.
The adder barely misses you.
The quokka barely misses Terence.
You barely miss the adder.
The adder is heavily wounded.
* * * LOW HITPOINT WARNING * * *
You feel sick. The adder misses you.
The quokka barely misses Terence.
You hit the adder.
The adder is almost dead.
You die...

#.# (# #.# .# ########### #.#
.# ..........# #.# ##.##
..........###########.####...##
......(>..(............#≈≈...≈≈
..........#######.#<...#≈..♣..≈
...)..†.......@S@r........!....
..........#######.###....♣._.♣.
.......(........#.# ###........
########(###### #.# ##≈..♣..≈
#........(# #.# #≈≈...≈≈
##.#####..# #+# ###...##
#.#####..# ##.... ####........#
#... #...........# ...


You could see Terence, an adder and a neutral quokka.

Vanquished Creatures
  An adder (D:2)
  2 dart slugs
  2 bats (D:1)
  3 goblins (D:1)
  2 hobgoblins (D:1)
  8 kobolds
  A ball python (D:1)
  A frilled lizard (D:1)
  4 rats
24 creatures vanquished.

Notes
Turn   | Place    | Note
-------+----------+-------------------------------------------
     0 | D:1      | DarkinPup the Demonspawn Fighter began the quest for the
                  | Orb.
     0 | D:1      | Reached XP level 1. HP: 18/18 MP: 1/1
   227 | D:1      | Gained mutation: You are surrounded by a mild repulsion
                  | field. (EV +2) [demonic ancestry]
   227 | D:1      | Reached XP level 2. HP: 24/24 MP: 2/2
   419 | D:1      | Reached skill level 1 in Dodging
  1100 | D:2      | Found a white marble altar of Elyvilon.
  1105 | D:2      | Noticed Terence
  1129 | D:2      | Gained mutation: You are surrounded by a moderate repulsion
                  | field. (EV +3) [demonic ancestry]
  1129 | D:2      | Reached XP level 3. HP: 6/29 MP: 3/3
  1134 | D:2      | HP: 1/29 [poisoned by an adder]
  1135 | D:2      | Succumbed to an adder's poison

Skill      XL: |  1  2 |
---------------+-------+-----
Long Blades    | 2 |  2.3
Dodging        | 1 |  1.4
Fighting       | |  3.1
Armour         | |  2.8
Shields        | |  2.8

Action                   || total
-------------------------++-------
Melee: Long sword        ||    84
  Use: Potion            ||     1
Armor: Scale mail        ||    41
Dodge: Dodged            ||    40
Block: Shield            ||    37
       Rpst.: Long sword ||    14
